Harfangs vs Patriotes
Created - 27 mars 2015 at 19:08
Goals
|
| Harfangs |
3 |
3 |
2 |
8 |
| Patriotes |
0 |
2 |
1 |
3 |
|
Shots
|
| Harfangs |
11 |
11 |
16 |
38 |
| Patriotes |
7 |
17 |
11 |
35 |
|
1st period
1. Harfangs , Chris Kreider 54 (Petri Kontiola, Stefan Ruzicka) at 4:58
2. Harfangs , Chris Kreider 55 (Stefan Ruzicka, James Wisniewski) at 8:51
3. Harfangs , Peter Olvecky 40 (Alex Killorn, Petri Kontiola) at 16:28
Penalties :
Zenon Konopka (Nyc) for Interference (Minor) at 5:12, Cory Emmerton (Nyc) for High sticking (Minor) at 17:31
2nd period
4. Patriotes , Lauri Tukonen 18 (Liam Reddox, Christian Hanson) at 2:51
5. Harfangs , Kyle Palmieri 18 (Peter Olvecky) at 3:20
6. Patriotes , Liam Reddox 11 (Lauri Tukonen) at 4:20
7. Harfangs , Roman Wick 9 (Brian Lashoff, Brandon Pirri) at 7:24
8. Harfangs , Chris Kreider 56 (Stefan Ruzicka, Victor Bartley) at 10:29 (PP)
Penalties :
Christian Hanson (Nyc) for Interference (Minor) at 9:48
3rd period
9. Patriotes , Andreas Nodl 40 (Fedor Fedorov, Tyler Myers) at 0:48
10. Harfangs , Corey Cowick 1 (Brandon Pirri, James Wisniewski) at 15:04
11. Harfangs , Chris Kreider 57 (Petri Kontiola) at 15:51 (PP)
Penalties :
Ryan Wilson (Nyc) for Charging (Minor) at 15:50, Brett Skinner (Nyc) for Roughing (Minor) at 18:46
Goalie Stats
Darcy Kuemper (BEA), 32 saves from 35 shots - (0,914), W, 3-3-2, 60:00 minutes
Joey MacDonald (Nyc), 12 saves from 16 shots - (0,750), L, 31-26-3, 23:20 minutes
Marek Schwarz (Nyc), 18 saves from 22 shots - (0,818), 36:40 minutes
Players Stats for Harfangs
Player Name G A P +/- PIM S H SB GA TA FO MP PP MP PK MP
------------------------------------------------------------------------------------
Alex Killorn 0 1 1 1 0 3 2 2 0 0 3/13 16:52 2:59 0:00
Alexandre Picard 0 0 0 2 0 3 1 1 1 0 0/0 27:49 3:29 0:00
Andrew Orpik 0 0 0 -2 0 2 1 0 0 0 0/0 18:49 2:24 0:00
Brandon Pirri 0 2 2 2 0 0 0 0 0 0 0/1 9:34 0:27 0:00
Brett Carson 0 0 0 3 0 0 1 2 0 0 0/0 13:22 0:00 0:00
Brian Lashoff 0 1 1 3 0 1 1 3 0 2 0/0 13:22 0:00 0:00
Chris Kreider 4 0 4 2 0 7 1 0 0 0 0/2 19:52 2:24 0:00
Corey Cowick 1 0 1 2 0 1 2 0 0 1 0/0 9:37 0:30 0:00
Craig Smith 0 0 0 -2 0 3 4 1 0 0 3/5 13:39 0:00 0:00
Dustin Jeffrey 0 0 0 -2 0 2 1 1 0 0 0/0 13:39 0:00 0:00
James Wisniewski 0 2 2 2 0 2 1 2 1 1 0/0 27:49 3:29 0:00
Kyle Palmieri 1 0 1 1 0 1 2 0 0 1 0/1 16:52 2:59 0:00
Michal Repik 0 0 0 -2 0 1 0 0 0 0 0/0 13:39 0:00 0:00
Peter Olvecky 1 1 2 1 0 2 3 0 0 0 1/1 16:52 2:59 0:00
Petri Kontiola 0 3 3 2 0 3 1 0 0 1 19/31 19:55 2:27 0:00
Roman Wick 1 0 1 2 0 2 1 0 0 0 0/0 9:34 0:27 0:00
Stefan Ruzicka 0 3 3 2 0 4 1 0 1 0 0/0 19:55 2:27 0:00
Victor Bartley 0 1 1 -2 0 1 0 2 0 1 0/0 18:49 2:24 0:00
Players Stats for Patriotes
Player Name G A P +/- PIM S H SB GA TA FO MP PP MP PK MP
------------------------------------------------------------------------------------
Andreas Nodl 1 0 1 0 0 6 2 1 1 1 3/6 23:05 0:00 3:10
Andrew Gordon 0 0 0 -3 0 1 1 0 0 0 1/1 22:00 0:00 3:01
Brett Skinner 0 0 0 2 2 1 0 2 1 0 0/0 26:34 0:00 2:16
Christian Hanson 0 1 1 0 2 5 1 0 0 0 5/7 17:23 0:00 1:48
Cory Emmerton 0 0 0 -4 2 5 0 1 1 0 6/12 18:07 0:00 0:19
Dwight King 0 0 0 -4 0 2 4 0 1 0 0/0 16:40 0:00 0:00
Fedor Fedorov 0 1 1 0 0 2 2 0 0 0 0/0 21:12 0:00 2:17
Jared Staal 0 0 0 0 0 0 0 0 0 0 0/0 0:00 0:00 0:00
Joakim Andersson 0 0 0 0 0 0 0 0 0 0 0/0 0:00 0:00 0:00
Joe Charlebois 0 0 0 -4 0 0 1 0 1 0 0/0 20:17 0:00 3:12
Lauri Tukonen 1 1 2 1 0 7 1 0 1 0 1/2 15:02 0:00 0:00
Liam Reddox 1 1 2 1 0 3 1 1 0 0 1/1 15:55 0:00 0:35
Mathieu Brodeur 0 0 0 -1 0 0 0 1 0 0 0/0 12:43 0:00 0:00
Nigel Williams 0 0 0 -1 0 1 2 1 0 0 0/0 12:43 0:00 0:00
Ryan White 0 0 0 0 0 0 0 0 0 0 0/0 0:00 0:00 0:00
Ryan Wilson 0 0 0 -4 2 2 0 0 1 0 0/0 20:05 0:00 3:01
Tyler Myers 0 1 1 2 0 0 1 1 0 2 0/0 27:36 0:00 3:17
Zack Stortini 0 0 0 -1 0 0 0 0 0 0 0/0 5:12 0:00 0:00
Zenon Konopka 0 0 0 1 2 0 1 0 0 0 11/25 19:28 0:00 0:36
3 Stars
1 - Chris Kreider (BEA)
2 - Petri Kontiola (BEA)
3 - Peter Olvecky (BEA)
Power Play
Harfangs - 2 on 5 Attempt(s) - 40,00%
Patriotes - 0 on 0 Attempt(s) - 0,00%
Penalty Kill
Harfangs - 0 on 0 Attempt(s) - 0,00%
- Score 0 goal in Penalty Kill
Patriotes - 3 on 5 Attempt(s) - 60,00%
- Score 0 goal in Penalty Kill
Team Stat
Harfangs - Hits : 23 - Faceoff Wins : 26 - Blocked Shots : 14 - Penalty Minutes : 0
Patriotes - Hits : 17 - Faceoff Wins : 28 - Blocked Shots : 8 - Penalty Minutes : 10
Official
Referees : Rehman Kyle and StLaurent Francois
Linesman : Brian Mach and Brad Lazarowich
Game Notes
Marek Schwarz enters game at 3:20 of 2nd period
Chris Kreider has scored a Hat Trick!
Finance
Level 1 -- Attendance: 1609 (80,45%) -- Ticket Income 56 315 $
Level 2 -- Attendance: 698 (69,80%) -- Ticket Income 10 470 $
Total Attendance: 2307 (76,90%)
Total Ticket Income: 66 785 $
Other Income: 3 339 $
Total Income: 70 124 $
Harfangs
5 vs 5 Forward
Center Left Wing Right Wing Time % Phy DF OF
1 Petri Kontiola Chris Kreider Stefan Ruzicka 40 0 0 5
2 Alex Killorn Peter Olvecky Kyle Palmieri 30 0 0 5
3 Craig Smith Dustin Jeffrey Michal Repik 20 0 0 5
4 Brandon Pirri Corey Cowick Roman Wick 10 0 0 5
5 vs 5 Defense
Defense Defense Time % Phy DF OF
1 Alexandre Picard James Wisniewski 40 0 2 3
2 Andrew Orpik Victor Bartley 30 0 2 3
3 Brett Carson Brian Lashoff 20 0 3 2
4 Alexandre Picard James Wisniewski 10 0 2 3
PowerPlay Forward
Center Left Wing Right Wing Time % Phy DF OF
1 Petri Kontiola Chris Kreider Stefan Ruzicka 60 0 0 5
2 Alex Killorn Peter Olvecky Kyle Palmieri 40 0 0 5
PowerPlay Defense
Defense Defense Time % Phy DF OF
1 Alexandre Picard James Wisniewski 60 0 2 3
2 Andrew Orpik Victor Bartley 40 0 2 3
Penalty Kill 4 Players Forward
Center Wing Time % Phy DF OF
1 Petri Kontiola Dustin Jeffrey 60 0 5 0
2 Alex Killorn Peter Olvecky 40 0 5 0
Penalty Kill 4 Players Defense
Defense Defense Time % Phy DF OF
1 James Wisniewski Alexandre Picard 60 0 5 0
2 Brett Carson Brian Lashoff 40 0 5 0
Penalty Kill - 3 Players Forward
Forward Time % Phy DF OF
1 Petri Kontiola 60 0 5 0
2 Alex Killorn 40 0 5 0
Penalty Kill - 3 Players Defense
Defense Defense Time % Phy DF OF
1 James Wisniewski Alexandre Picard 60 0 5 0
2 Brett Carson Brian Lashoff 40 0 5 0
4 vs 4 Forward
Center Wing Time % Phy DF OF
1 Stefan Ruzicka Chris Kreider 60 0 0 5
2 Petri Kontiola Alex Killorn 40 0 0 5
4 vs 4 Defense
Defense Defense Time % Phy DF OF
1 Alexandre Picard James Wisniewski 60 0 2 3
2 Victor Bartley Andrew Orpik 40 0 3 2
Last Minutes Offensive
Center Left Wing Right Wing Defense Defense
Petri Kontiola Chris Kreider Stefan Ruzicka Alexandre Picard James Wisniewski
Last Minutes Defensive
Center Left Wing Right Wing Defense Defense
Petri Kontiola Chris Kreider Stefan Ruzicka James Wisniewski Alexandre Picard
Goaltenders
Starting : Darcy Kuemper
Backup : Peter Budaj
Extra Forwards
Normal : Stefan Ruzicka, Chris Kreider, Petri Kontiola - PP : Stefan Ruzicka, Petri Kontiola - PK : Petri Kontiola
Extra Defensemen
Normal : Brian Lashoff, James Wisniewski, Alexandre Picard - PP : Victor Bartley - PK : Brian Lashoff, Alexandre Picard
Penalty Shots
Petri Kontiola, Craig Smith, Stefan Ruzicka, Peter Olvecky, Alexandre Picard
Patriotes
5 vs 5 Forward
Center Left Wing Right Wing Time % Phy DF OF
1 Zenon Konopka Fedor Fedorov Andreas Nodl 40 1 2 2
2 Cory Emmerton Dwight King Andrew Gordon 30 1 2 2
3 Christian Hanson Liam Reddox Lauri Tukonen 20 1 2 2
4 Andrew Gordon Andreas Nodl Zack Stortini 10 1 2 2
5 vs 5 Defense
Defense Defense Time % Phy DF OF
1 Brett Skinner Tyler Myers 40 1 2 2
2 Ryan Wilson Joe Charlebois 30 1 2 2
3 Nigel Williams Mathieu Brodeur 20 1 2 2
4 Brett Skinner Tyler Myers 10 1 2 2
PowerPlay Forward
Center Left Wing Right Wing Time % Phy DF OF
1 Zenon Konopka Fedor Fedorov Andreas Nodl 60 1 2 2
2 Cory Emmerton Dwight King Andrew Gordon 40 1 2 2
PowerPlay Defense
Defense Defense Time % Phy DF OF
1 Brett Skinner Tyler Myers 60 1 2 2
2 Ryan Wilson Joe Charlebois 40 1 2 2
Penalty Kill 4 Players Forward
Center Wing Time % Phy DF OF
1 Andreas Nodl Andrew Gordon 60 1 2 2
2 Zenon Konopka Fedor Fedorov 40 1 2 2
Penalty Kill 4 Players Defense
Defense Defense Time % Phy DF OF
1 Brett Skinner Tyler Myers 60 1 2 2
2 Ryan Wilson Joe Charlebois 40 1 2 2
Penalty Kill - 3 Players Forward
Forward Time % Phy DF OF
1 Andreas Nodl 60 1 2 2
2 Andrew Gordon 40 1 2 2
Penalty Kill - 3 Players Defense
Defense Defense Time % Phy DF OF
1 Brett Skinner Tyler Myers 60 1 2 2
2 Ryan Wilson Joe Charlebois 40 1 2 2
4 vs 4 Forward
Center Wing Time % Phy DF OF
1 Andreas Nodl Andrew Gordon 60 1 2 2
2 Zenon Konopka Fedor Fedorov 40 1 2 2
4 vs 4 Defense
Defense Defense Time % Phy DF OF
1 Brett Skinner Tyler Myers 60 1 2 2
2 Ryan Wilson Joe Charlebois 40 1 2 2
Last Minutes Offensive
Center Left Wing Right Wing Defense Defense
Zenon Konopka Fedor Fedorov Andreas Nodl Brett Skinner Tyler Myers
Last Minutes Defensive
Center Left Wing Right Wing Defense Defense
Zenon Konopka Fedor Fedorov Andreas Nodl Brett Skinner Tyler Myers
Goaltenders
Starting : Joey MacDonald
Backup : Marek Schwarz
Extra Forwards
Normal : Christian Hanson, Lauri Tukonen, Andreas Nodl - PP : Christian Hanson, Lauri Tukonen - PK : Andreas Nodl
Extra Defensemen
Normal : Nigel Williams, Mathieu Brodeur, Ryan Wilson - PP : Nigel Williams - PK : Mathieu Brodeur, Ryan Wilson
Penalty Shots
Andreas Nodl, Andrew Gordon, Zenon Konopka, Fedor Fedorov, Cory Emmerton
% Time on Ice - Harfangs
Lines # - Real PCT - Wanted PCT - Time Play
Normal Forward
1 - 33% - 40% - 17:59
2 - 26% - 30% - 13:53
3 - 25% - 20% - 13:39
4 - 16% - 10% - 8:36
Normal Defense
1 - 39% - 40% - 21:00
2 - 30% - 30% - 16:25
3 - 24% - 20% - 13:10
4 - 7% - 10% - 3:32
PP Forward
1 - 49% - 60% - 2:54
2 - 51% - 40% - 2:59
PP Defense
1 - 59% - 60% - 3:29
2 - 41% - 40% - 2:24
PK Forward
1 - 0% - 60%
2 - 0% - 40%
PK Defense
1 - 0% - 60%
2 - 0% - 40%
PK3 Forward
1 - 0% - 60%
2 - 0% - 40%
PK3 Defense
1 - 0% - 60%
2 - 0% - 40%
44 Forward
1 - 0% - 60%
2 - 0% - 40%
44 Defense
1 - 0% - 60%
2 - 0% - 40%
Last Minute Offensive - 0:00
Last Minute Defensive - 0:00
Total
Forward - 60:00
Defense - 60:00
|
% Time on Ice - Patriotes
Lines # - Real PCT - Wanted PCT - Time Play
Normal Forward
1 - 32% - 40% - 17:34
2 - 33% - 30% - 17:40
3 - 28% - 20% - 15:20
4 - 7% - 10% - 3:33
Normal Defense
1 - 38% - 40% - 20:23
2 - 32% - 30% - 17:05
3 - 23% - 20% - 12:43
4 - 7% - 10% - 3:56
PP Forward
1 - 0% - 60%
2 - 0% - 40%
PP Defense
1 - 0% - 60%
2 - 0% - 40%
PK Forward
1 - 78% - 60% - 4:37
2 - 22% - 40% - 1:16
PK Defense
1 - 59% - 60% - 3:29
2 - 41% - 40% - 2:24
PK3 Forward
1 - 0% - 60%
2 - 0% - 40%
PK3 Defense
1 - 0% - 60%
2 - 0% - 40%
44 Forward
1 - 0% - 60%
2 - 0% - 40%
44 Defense
1 - 0% - 60%
2 - 0% - 40%
Last Minute Offensive - 0:00
Last Minute Defensive - 0:00
Total
Forward - 60:00
Defense - 60:00
|
Play by Play
1st period
0:01 of 1st period - Zenon Konopka wins face-off versus Petri Kontiola in neutral zone.
0:52 of 1st period - Wrist shot by Craig Smith.
0:52 of 1st period - Stopped by Joey MacDonald with a rebound.
1:06 of 1st period - Andrew Orpik is hit by Andreas Nodl and loses puck.
1:23 of 1st period - Andreas Nodl is hit by Andrew Orpik and loses puck.
1:52 of 1st period - Snap shot by Dwight King.
1:52 of 1st period - Stopped by Darcy Kuemper with a rebound.
2:02 of 1st period - Brett Skinner is hit by Brian Lashoff.
2:26 of 1st period - Slapshot by Cory Emmerton.
2:26 of 1st period - Stopped by Darcy Kuemper with a rebound.
3:24 of 1st period - Slapshot by Brandon Pirri.
3:24 of 1st period - Shot Misses the Net.
3:46 of 1st period - Nigel Williams is hit by Craig Smith and loses puck.
4:56 of 1st period - Slapshot by Petri Kontiola.
4:56 of 1st period - Shot Blocked by Cory Emmerton.
4:58 of 1st period - Snap shot by Chris Kreider.
4:58 of 1st period - Goal by Chris Kreider - Harfangs : 1 - Patriotes : 0.
4:59 of 1st period - Zenon Konopka wins face-off versus Alex Killorn in neutral zone.
5:12 of 1st period - Minor Penalty to Zenon Konopka for Interference.
5:13 of 1st period - Andreas Nodl wins face-off versus Petri Kontiola in Patriotes zone.
5:39 of 1st period - Andrew Gordon is hit by Kyle Palmieri and loses puck.
5:50 of 1st period - Wrist shot by Peter Olvecky.
5:50 of 1st period - Shot Misses the Net.
6:00 of 1st period - Andrew Gordon is hit by Stefan Ruzicka and loses puck.
6:32 of 1st period - Fedor Fedorov is hit by James Wisniewski and loses puck.
7:12 of 1st period - Penalty to Zenon Konopka is over, Zenon Konopka is back on ice.
7:13 of 1st period - Ryan Wilson is hit by Corey Cowick.
7:23 of 1st period - Slapshot by Fedor Fedorov.
7:23 of 1st period - Deflect By Cory Emmerton.
7:23 of 1st period - Stopped by Darcy Kuemper with a rebound.
7:37 of 1st period - Roman Wick is hit by Fedor Fedorov and loses puck.
7:42 of 1st period - Wrist shot by Fedor Fedorov.
7:42 of 1st period - Deflect By Zenon Konopka.
7:42 of 1st period - Shot Misses the Net.
7:42 of 1st period - Puck is out of play.
7:43 of 1st period - Craig Smith wins face-off versus Christian Hanson in Harfangs zone.
7:58 of 1st period - Christian Hanson is hit by Craig Smith and loses puck.
8:09 of 1st period - Mathieu Brodeur is hit by Chris Kreider and loses puck.
8:14 of 1st period - Wrist shot by Stefan Ruzicka.
8:14 of 1st period - Stopped by Joey MacDonald without a rebound.
8:15 of 1st period - Andrew Gordon wins face-off versus Alex Killorn in Patriotes zone.
8:30 of 1st period - Wrist shot by Andreas Nodl.
8:30 of 1st period - Shot Hit the Post.
8:51 of 1st period - Wrist shot by Chris Kreider.
8:51 of 1st period - Goal by Chris Kreider - Harfangs : 2 - Patriotes : 0.
8:52 of 1st period - Alex Killorn wins face-off versus Zenon Konopka in neutral zone.
8:55 of 1st period - Snap shot by Alex Killorn.
8:55 of 1st period - Shot Misses the Net.
8:57 of 1st period - Slapshot by Alexandre Picard.
8:57 of 1st period - Stopped by Joey MacDonald without a rebound.
8:58 of 1st period - Zenon Konopka wins face-off versus Alex Killorn in Patriotes zone.
9:20 of 1st period - Brett Skinner is hit by Peter Olvecky and loses puck.
9:35 of 1st period - Slapshot by Peter Olvecky.
9:35 of 1st period - Shot Misses the Net.
9:37 of 1st period - Backhand shot by Kyle Palmieri.
9:37 of 1st period - Deflect By Alex Killorn.
9:37 of 1st period - Shot Blocked by Tyler Myers.
9:37 of 1st period - Puck is out of play.
9:38 of 1st period - Cory Emmerton wins face-off versus Chris Kreider in Patriotes zone.
10:03 of 1st period - Wrist shot by Roman Wick.
10:03 of 1st period - Stopped by Joey MacDonald with a rebound.
10:26 of 1st period - Snap shot by Dwight King.
10:26 of 1st period - Stopped by Darcy Kuemper with a rebound.
10:28 of 1st period - Snap shot by Ryan Wilson.
10:28 of 1st period - Deflect By Brett Carson.
10:28 of 1st period - Stopped by Darcy Kuemper with a rebound.
10:30 of 1st period - Wrist shot by Cory Emmerton.
10:30 of 1st period - Stopped by Darcy Kuemper without a rebound.
10:31 of 1st period - Zenon Konopka wins face-off versus Petri Kontiola in Harfangs zone.
11:06 of 1st period - Wrist shot by Christian Hanson.
11:06 of 1st period - Shot Misses the Net.
12:55 of 1st period - Lauri Tukonen is hit by Dustin Jeffrey and loses puck.
13:06 of 1st period - Fedor Fedorov is hit by Brett Carson and loses puck.
15:59 of 1st period - Snap shot by Michal Repik.
15:59 of 1st period - Stopped by Joey MacDonald with a rebound.
16:11 of 1st period - Stefan Ruzicka is hit by Andrew Gordon and loses puck.
16:28 of 1st period - Snap shot by Peter Olvecky.
16:28 of 1st period - Goal by Peter Olvecky - Harfangs : 3 - Patriotes : 0.
16:29 of 1st period - Petri Kontiola wins face-off versus Cory Emmerton in neutral zone.
16:38 of 1st period - Snap shot by Cory Emmerton.
16:38 of 1st period - Stopped by Darcy Kuemper without a rebound.
16:39 of 1st period - Petri Kontiola wins face-off versus Cory Emmerton in Harfangs zone.
16:39 of 1st period - Petri Kontiola is hit by Tyler Myers.
16:51 of 1st period - Slapshot by Stefan Ruzicka.
16:51 of 1st period - Stopped by Joey MacDonald with a rebound.
17:12 of 1st period - Snap shot by Chris Kreider.
17:12 of 1st period - Stopped by Joey MacDonald with a rebound.
17:16 of 1st period - Wrist shot by Stefan Ruzicka.
17:16 of 1st period - Stopped by Joey MacDonald with a rebound.
17:18 of 1st period - Slapshot by James Wisniewski.
17:18 of 1st period - Shot Misses the Net.
17:20 of 1st period - Slapshot by Stefan Ruzicka.
17:20 of 1st period - Shot Misses the Net.
17:31 of 1st period - Minor Penalty to Cory Emmerton for High sticking.
17:32 of 1st period - Andreas Nodl wins face-off versus Alex Killorn in Patriotes zone.
19:31 of 1st period - Penalty to Cory Emmerton is over, Cory Emmerton is back on ice.
19:31 of 1st period - Kyle Palmieri is hit by Fedor Fedorov and loses puck.
19:44 of 1st period - Joe Charlebois is hit by Craig Smith and loses puck.
19:55 of 1st period - Snap shot by Craig Smith.
19:55 of 1st period - Shot Misses the Net.
Goals for this period are 3 for Harfangs vs 0 for Patriotes.
Shots for this period are 11 for Harfangs vs 7 for Patriotes.
2nd period
0:01 of 2nd period - Petri Kontiola wins face-off versus Zenon Konopka in neutral zone.
0:18 of 2nd period - Andrew Orpik is hit by Andreas Nodl and loses puck.
0:29 of 2nd period - Snap shot by Peter Olvecky.
0:29 of 2nd period - Stopped by Joey MacDonald without a rebound.
0:30 of 2nd period - Cory Emmerton wins face-off versus Alex Killorn in Patriotes zone.
1:00 of 2nd period - Snap shot by Andreas Nodl.
1:00 of 2nd period - Stopped by Darcy Kuemper with a rebound.
1:06 of 2nd period - Snap shot by Andreas Nodl.
1:06 of 2nd period - Shot Blocked by Dustin Jeffrey.
1:25 of 2nd period - Slapshot by Stefan Ruzicka.
1:25 of 2nd period - Shot Misses the Net.
1:45 of 2nd period - Wrist shot by Andreas Nodl.
1:45 of 2nd period - Stopped by Darcy Kuemper with a rebound.
1:54 of 2nd period - Icing by Corey Cowick.
1:55 of 2nd period - Zenon Konopka wins face-off versus Alex Killorn in Harfangs zone.
2:49 of 2nd period - Snap shot by Liam Reddox.
2:49 of 2nd period - Shot Blocked by Craig Smith.
2:51 of 2nd period - Wrist shot by Lauri Tukonen.
2:51 of 2nd period - Goal by Lauri Tukonen - Harfangs : 3 - Patriotes : 1.
2:52 of 2nd period - Petri Kontiola wins face-off versus Zenon Konopka in neutral zone.
3:00 of 2nd period - Slapshot by James Wisniewski.
3:00 of 2nd period - Stopped by Joey MacDonald with a rebound.
3:02 of 2nd period - Wrist shot by Alexandre Picard.
3:02 of 2nd period - Stopped by Joey MacDonald with a rebound.
3:08 of 2nd period - Wrist shot by Petri Kontiola.
3:08 of 2nd period - Stopped by Joey MacDonald without a rebound.
3:09 of 2nd period - Cory Emmerton wins face-off versus Alex Killorn in Patriotes zone.
3:20 of 2nd period - Wrist shot by Kyle Palmieri.
3:20 of 2nd period - Goal by Kyle Palmieri - Harfangs : 4 - Patriotes : 1.
3:20 of 2nd period - Marek Schwarz enters game.
3:21 of 2nd period - Petri Kontiola wins face-off versus Zenon Konopka in neutral zone.
3:26 of 2nd period - Wrist shot by Stefan Ruzicka.
3:26 of 2nd period - Shot Misses the Net.
4:20 of 2nd period - Wrist shot by Liam Reddox.
4:20 of 2nd period - Goal by Liam Reddox - Harfangs : 4 - Patriotes : 2.
4:21 of 2nd period - Petri Kontiola wins face-off versus Zenon Konopka in neutral zone.
4:24 of 2nd period - Wrist shot by Chris Kreider.
4:24 of 2nd period - Stopped by Marek Schwarz with a rebound.
4:26 of 2nd period - Slapshot by Petri Kontiola.
4:26 of 2nd period - Stopped by Marek Schwarz without a rebound.
4:27 of 2nd period - Petri Kontiola wins face-off versus Zenon Konopka in Patriotes zone.
5:00 of 2nd period - Snap shot by Craig Smith.
5:00 of 2nd period - Shot Misses the Net.
6:02 of 2nd period - Snap shot by Stefan Ruzicka.
6:02 of 2nd period - Shot Blocked by Liam Reddox.
6:04 of 2nd period - Wrist shot by Stefan Ruzicka.
6:04 of 2nd period - Shot Misses the Net.
6:06 of 2nd period - Slapshot by Alexandre Picard.
6:06 of 2nd period - Stopped by Marek Schwarz without a rebound.
6:07 of 2nd period - Cory Emmerton wins face-off versus Alex Killorn in Patriotes zone.
6:12 of 2nd period - Slapshot by Tyler Myers.
6:12 of 2nd period - Deflect By Cory Emmerton.
6:12 of 2nd period - Shot Misses the Net.
6:12 of 2nd period - Puck is out of play.
6:13 of 2nd period - Alex Killorn wins face-off versus Cory Emmerton in Harfangs zone.
6:13 of 2nd period - Alex Killorn is hit by Dwight King.
7:20 of 2nd period - Snap shot by Roman Wick.
7:20 of 2nd period - Shot Misses the Net.
7:24 of 2nd period - Snap shot by Roman Wick.
7:24 of 2nd period - Goal by Roman Wick - Harfangs : 5 - Patriotes : 2.
7:25 of 2nd period - Zenon Konopka wins face-off versus Petri Kontiola in neutral zone.
7:32 of 2nd period - Icing by James Wisniewski.
7:33 of 2nd period - Zenon Konopka wins face-off versus Petri Kontiola in Harfangs zone.
8:16 of 2nd period - Snap shot by Fedor Fedorov.
8:16 of 2nd period - Stopped by Darcy Kuemper with a rebound.
8:18 of 2nd period - Wrist shot by Brett Skinner.
8:18 of 2nd period - Shot Misses the Net.
8:20 of 2nd period - Snap shot by Zenon Konopka.
8:20 of 2nd period - Deflect By Andreas Nodl.
8:20 of 2nd period - Stopped by Darcy Kuemper with a rebound.
8:22 of 2nd period - Snap shot by Fedor Fedorov.
8:22 of 2nd period - Shot Misses the Net.
8:24 of 2nd period - Snap shot by Fedor Fedorov.
8:24 of 2nd period - Shot Misses the Net.
8:26 of 2nd period - Slapshot by Fedor Fedorov.
8:26 of 2nd period - Shot Blocked by James Wisniewski.
8:28 of 2nd period - Slapshot by Andreas Nodl.
8:28 of 2nd period - Stopped by Darcy Kuemper with a rebound.
8:50 of 2nd period - Snap shot by Andreas Nodl.
8:50 of 2nd period - Shot Misses the Net.
8:52 of 2nd period - Snap shot by Andreas Nodl.
8:52 of 2nd period - Stopped by Darcy Kuemper with a rebound.
8:54 of 2nd period - Slapshot by Brett Skinner.
8:54 of 2nd period - Stopped by Darcy Kuemper with a rebound.
8:56 of 2nd period - Slapshot by Tyler Myers.
8:56 of 2nd period - Deflect By Andreas Nodl.
8:56 of 2nd period - Shot Misses the Net.
8:56 of 2nd period - Puck is out of play.
8:57 of 2nd period - Petri Kontiola wins face-off versus Cory Emmerton in Harfangs zone.
9:48 of 2nd period - Minor Penalty to Christian Hanson for Interference.
9:49 of 2nd period - Andreas Nodl wins face-off versus Petri Kontiola in Patriotes zone.
10:12 of 2nd period - Joe Charlebois is hit by Alex Killorn and loses puck.
10:29 of 2nd period - Snap shot by Chris Kreider.
10:29 of 2nd period - Goal by Chris Kreider - Harfangs : 6 - Patriotes : 2.
10:30 of 2nd period - Petri Kontiola wins face-off versus Cory Emmerton in neutral zone.
10:37 of 2nd period - Off-side.
10:38 of 2nd period - Petri Kontiola wins face-off versus Cory Emmerton in neutral zone.
12:24 of 2nd period - Icing by Corey Cowick.
12:25 of 2nd period - Christian Hanson wins face-off versus Brandon Pirri in Harfangs zone.
12:26 of 2nd period - Snap shot by Lauri Tukonen.
12:26 of 2nd period - Stopped by Darcy Kuemper without a rebound.
12:27 of 2nd period - Petri Kontiola wins face-off versus Christian Hanson in Harfangs zone.
12:38 of 2nd period - Andrew Orpik is hit by Lauri Tukonen and loses puck.
12:53 of 2nd period - Andreas Nodl is hit by Alex Killorn and loses puck.
13:20 of 2nd period - Snap shot by Cory Emmerton.
13:20 of 2nd period - Deflect By Craig Smith.
13:20 of 2nd period - Stopped by Darcy Kuemper with a rebound.
13:26 of 2nd period - Brett Skinner is hit by Craig Smith and loses puck.
13:45 of 2nd period - Snap shot by Lauri Tukonen.
13:45 of 2nd period - Stopped by Darcy Kuemper without a rebound.
13:46 of 2nd period - Zenon Konopka wins face-off versus Petri Kontiola in Harfangs zone.
14:19 of 2nd period - Brian Lashoff is hit by Liam Reddox and loses puck.
14:42 of 2nd period - Wrist shot by Craig Smith.
14:42 of 2nd period - Stopped by Marek Schwarz with a rebound.
17:00 of 2nd period - Off-side.
17:01 of 2nd period - Christian Hanson wins face-off versus Alex Killorn in neutral zone.
17:04 of 2nd period - Slapshot by Lauri Tukonen.
17:04 of 2nd period - Deflect By Christian Hanson.
17:04 of 2nd period - Shot Blocked by Brett Carson.
17:04 of 2nd period - Puck is out of play.
17:05 of 2nd period - Christian Hanson wins face-off versus Petri Kontiola in Harfangs zone.
17:06 of 2nd period - Snap shot by Lauri Tukonen.
17:06 of 2nd period - Stopped by Darcy Kuemper with a rebound.
17:14 of 2nd period - Snap shot by Lauri Tukonen.
17:14 of 2nd period - Stopped by Darcy Kuemper with a rebound.
17:16 of 2nd period - Snap shot by Christian Hanson.
17:16 of 2nd period - Stopped by Darcy Kuemper with a rebound.
17:18 of 2nd period - Slapshot by Lauri Tukonen.
17:18 of 2nd period - Deflect By Christian Hanson.
17:18 of 2nd period - Shot Blocked by Brian Lashoff.
17:18 of 2nd period - Puck is out of play.
17:19 of 2nd period - Alex Killorn wins face-off versus Zenon Konopka in Harfangs zone.
19:31 of 2nd period - Wrist shot by Peter Olvecky.
19:31 of 2nd period - Shot Blocked by Nigel Williams.
19:39 of 2nd period - Snap shot by Fedor Fedorov.
19:39 of 2nd period - Stopped by Darcy Kuemper without a rebound.
19:40 of 2nd period - Lauri Tukonen wins face-off versus Petri Kontiola in Harfangs zone.
19:41 of 2nd period - Slapshot by Christian Hanson.
19:41 of 2nd period - Stopped by Darcy Kuemper without a rebound.
19:42 of 2nd period - Liam Reddox wins face-off versus Petri Kontiola in Harfangs zone.
Goals for this period are 3 for Harfangs vs 2 for Patriotes.
Shots for this period are 11 for Harfangs vs 17 for Patriotes.
3rd period
0:01 of 3rd period - Zenon Konopka wins face-off versus Chris Kreider in neutral zone.
0:30 of 3rd period - Slapshot by Dustin Jeffrey.
0:30 of 3rd period - Stopped by Marek Schwarz with a rebound.
0:32 of 3rd period - Slapshot by Michal Repik.
0:32 of 3rd period - Shot Blocked by Brett Skinner.
0:34 of 3rd period - Slapshot by Andrew Orpik.
0:34 of 3rd period - Shot Blocked by Brett Skinner.
0:42 of 3rd period - Slapshot by Tyler Myers.
0:42 of 3rd period - Shot Blocked by Victor Bartley.
0:44 of 3rd period - Snap shot by Fedor Fedorov.
0:44 of 3rd period - Shot Hit the Post.
0:46 of 3rd period - Snap shot by Andreas Nodl.
0:46 of 3rd period - Shot Blocked by Victor Bartley.
0:48 of 3rd period - Wrist shot by Andreas Nodl.
0:48 of 3rd period - Goal by Andreas Nodl - Harfangs : 6 - Patriotes : 3.
0:49 of 3rd period - Cory Emmerton wins face-off versus Petri Kontiola in neutral zone.
0:58 of 3rd period - Snap shot by Cory Emmerton.
0:58 of 3rd period - Shot Misses the Net.
1:00 of 3rd period - Snap shot by Andrew Gordon.
1:00 of 3rd period - Shot Misses the Net.
1:25 of 3rd period - Snap shot by Alex Killorn.
1:25 of 3rd period - Stopped by Marek Schwarz without a rebound.
1:26 of 3rd period - Zenon Konopka wins face-off versus Craig Smith in Patriotes zone.
2:42 of 3rd period - Snap shot by Craig Smith.
2:42 of 3rd period - Stopped by Marek Schwarz with a rebound.
4:19 of 3rd period - Slapshot by Peter Olvecky.
4:19 of 3rd period - Shot Misses the Net.
4:35 of 3rd period - Wrist shot by Dustin Jeffrey.
4:35 of 3rd period - Stopped by Marek Schwarz with a rebound.
4:37 of 3rd period - Slapshot by Andrew Orpik.
4:37 of 3rd period - Stopped by Marek Schwarz without a rebound.
4:38 of 3rd period - Craig Smith wins face-off versus Lauri Tukonen in Patriotes zone.
4:49 of 3rd period - Wrist shot by Craig Smith.
4:49 of 3rd period - Shot Misses the Net.
4:51 of 3rd period - Slapshot by Michal Repik.
4:51 of 3rd period - Shot Misses the Net.
4:59 of 3rd period - Michal Repik is hit by Christian Hanson and loses puck.
5:12 of 3rd period - Slapshot by Christian Hanson.
5:12 of 3rd period - Stopped by Darcy Kuemper with a rebound.
5:14 of 3rd period - Wrist shot by Lauri Tukonen.
5:14 of 3rd period - Shot Misses the Net.
5:16 of 3rd period - Wrist shot by Christian Hanson.
5:16 of 3rd period - Shot Misses the Net.
5:20 of 3rd period - Snap shot by Lauri Tukonen.
5:20 of 3rd period - Shot Blocked by Alexandre Picard.
5:34 of 3rd period - Snap shot by Ryan Wilson.
5:34 of 3rd period - Stopped by Darcy Kuemper without a rebound.
5:35 of 3rd period - Petri Kontiola wins face-off versus Zenon Konopka in Harfangs zone.
8:10 of 3rd period - Brett Skinner is hit by Peter Olvecky and loses puck.
8:43 of 3rd period - Brett Skinner is hit by Corey Cowick and loses puck.
9:00 of 3rd period - Liam Reddox is hit by Petri Kontiola and loses puck.
9:07 of 3rd period - Snap shot by Chris Kreider.
9:07 of 3rd period - Stopped by Marek Schwarz with a rebound.
9:17 of 3rd period - Liam Reddox is hit by Kyle Palmieri and loses puck.
9:33 of 3rd period - Icing by Christian Hanson.
9:34 of 3rd period - Cory Emmerton wins face-off versus Craig Smith in Patriotes zone.
9:39 of 3rd period - Wrist shot by Dwight King.
9:39 of 3rd period - Shot Blocked by James Wisniewski.
9:41 of 3rd period - Snap shot by Andrew Gordon.
9:41 of 3rd period - Shot Misses the Net.
10:21 of 3rd period - Wrist shot by Craig Smith.
10:21 of 3rd period - Shot Blocked by Mathieu Brodeur.
10:29 of 3rd period - Craig Smith is hit by Dwight King and loses puck.
10:54 of 3rd period - Michal Repik is hit by Nigel Williams and loses puck.
11:16 of 3rd period - James Wisniewski is hit by Nigel Williams and loses puck.
11:35 of 3rd period - Craig Smith is hit by Dwight King and loses puck.
11:40 of 3rd period - Snap shot by Andrew Gordon.
11:40 of 3rd period - Shot Misses the Net.
11:42 of 3rd period - Slapshot by Nigel Williams.
11:42 of 3rd period - Deflect By Dwight King.
11:42 of 3rd period - Shot Misses the Net.
11:42 of 3rd period - Puck is out of play.
11:43 of 3rd period - Zenon Konopka wins face-off versus Petri Kontiola in Harfangs zone.
11:49 of 3rd period - Snap shot by Nigel Williams.
11:49 of 3rd period - Deflect By Stefan Ruzicka.
11:49 of 3rd period - Stopped by Darcy Kuemper with a rebound.
12:11 of 3rd period - Slapshot by Lauri Tukonen.
12:11 of 3rd period - Stopped by Darcy Kuemper with a rebound.
12:45 of 3rd period - Snap shot by Alex Killorn.
12:45 of 3rd period - Stopped by Marek Schwarz without a rebound.
12:46 of 3rd period - Peter Olvecky wins face-off versus Zenon Konopka in Patriotes zone.
12:51 of 3rd period - Wrist shot by Alex Killorn.
12:51 of 3rd period - Stopped by Marek Schwarz without a rebound.
12:52 of 3rd period - Christian Hanson wins face-off versus Alex Killorn in Patriotes zone.
13:01 of 3rd period - Snap shot by Lauri Tukonen.
13:01 of 3rd period - Stopped by Darcy Kuemper without a rebound.
13:02 of 3rd period - Christian Hanson wins face-off versus Kyle Palmieri in Harfangs zone.
13:23 of 3rd period - Slapshot by Christian Hanson.
13:23 of 3rd period - Stopped by Darcy Kuemper with a rebound.
13:25 of 3rd period - Wrist shot by Liam Reddox.
13:25 of 3rd period - Stopped by Darcy Kuemper with a rebound.
13:27 of 3rd period - Slapshot by Ryan Wilson.
13:27 of 3rd period - Shot Blocked by Brett Carson.
13:29 of 3rd period - Wrist shot by Joe Charlebois.
13:29 of 3rd period - Shot Blocked by Alex Killorn.
13:31 of 3rd period - Snap shot by Lauri Tukonen.
13:31 of 3rd period - Shot Misses the Net.
13:33 of 3rd period - Snap shot by Liam Reddox.
13:33 of 3rd period - Stopped by Darcy Kuemper with a rebound.
13:41 of 3rd period - Slapshot by Ryan Wilson.
13:41 of 3rd period - Shot Blocked by Alex Killorn.
13:43 of 3rd period - Snap shot by Christian Hanson.
13:43 of 3rd period - Shot Misses the Net.
13:45 of 3rd period - Snap shot by Christian Hanson.
13:45 of 3rd period - Stopped by Darcy Kuemper with a rebound.
13:47 of 3rd period - Wrist shot by Mathieu Brodeur.
13:47 of 3rd period - Shot Blocked by Brian Lashoff.
13:49 of 3rd period - Slapshot by Mathieu Brodeur.
13:49 of 3rd period - Deflect By Christian Hanson.
13:49 of 3rd period - Shot Blocked by Brian Lashoff.
13:49 of 3rd period - Puck is out of play.
13:50 of 3rd period - Petri Kontiola wins face-off versus Zenon Konopka in Harfangs zone.
13:58 of 3rd period - Slapshot by Andrew Orpik.
13:58 of 3rd period - Deflect By Petri Kontiola.
13:58 of 3rd period - Stopped by Marek Schwarz with a rebound.
14:00 of 3rd period - Snap shot by Chris Kreider.
14:00 of 3rd period - Shot Blocked by Andreas Nodl.
14:02 of 3rd period - Slapshot by Andrew Orpik.
14:02 of 3rd period - Stopped by Marek Schwarz without a rebound.
14:03 of 3rd period - Petri Kontiola wins face-off versus Zenon Konopka in Patriotes zone.
14:30 of 3rd period - Dwight King is hit by Roman Wick and loses puck.
14:51 of 3rd period - Alexandre Picard is hit by Dwight King and loses puck.
15:00 of 3rd period - Slapshot by James Wisniewski.
15:00 of 3rd period - Stopped by Marek Schwarz with a rebound.
15:02 of 3rd period - Snap shot by Brandon Pirri.
15:02 of 3rd period - Shot Misses the Net.
15:04 of 3rd period - Snap shot by Corey Cowick.
15:04 of 3rd period - Goal by Corey Cowick - Harfangs : 7 - Patriotes : 3.
15:05 of 3rd period - Petri Kontiola wins face-off versus Zenon Konopka in neutral zone.
15:08 of 3rd period - Slapshot by Victor Bartley.
15:08 of 3rd period - Stopped by Marek Schwarz with a rebound.
15:21 of 3rd period - Chris Kreider is hit by Zenon Konopka and loses puck.
15:32 of 3rd period - Brett Skinner is hit by Peter Olvecky and loses puck.
15:43 of 3rd period - Wrist shot by Alex Killorn.
15:43 of 3rd period - Shot Misses the Net.
15:45 of 3rd period - Slapshot by Brian Lashoff.
15:45 of 3rd period - Deflect By Tyler Myers.
15:45 of 3rd period - Stopped by Marek Schwarz without a rebound.
15:46 of 3rd period - Craig Smith wins face-off versus Andreas Nodl in Patriotes zone.
15:50 of 3rd period - Minor Penalty to Ryan Wilson for Charging.
15:51 of 3rd period - Petri Kontiola wins face-off versus Andreas Nodl in Patriotes zone.
15:51 of 3rd period - Snap shot by Chris Kreider.
15:51 of 3rd period - Goal by Chris Kreider - Harfangs : 8 - Patriotes : 3.
15:52 of 3rd period - Petri Kontiola wins face-off versus Zenon Konopka in neutral zone.
15:54 of 3rd period - Off-side.
15:55 of 3rd period - Petri Kontiola wins face-off versus Zenon Konopka in neutral zone.
16:30 of 3rd period - Wrist shot by Andrew Gordon.
16:30 of 3rd period - Stopped by Darcy Kuemper with a rebound.
17:02 of 3rd period - Roman Wick is hit by Joe Charlebois.
17:59 of 3rd period - Snap shot by Stefan Ruzicka.
17:59 of 3rd period - Stopped by Marek Schwarz with a rebound.
18:46 of 3rd period - Minor Penalty to Brett Skinner for Roughing.
18:47 of 3rd period - Petri Kontiola wins face-off versus Andreas Nodl in Patriotes zone.
19:25 of 3rd period - Joe Charlebois is hit by Alexandre Picard and loses puck.
Goals for this period are 2 for Harfangs vs 1 for Patriotes.
Shots for this period are 16 for Harfangs vs 11 for Patriotes.
Output by the SimonT Hockey Simulator (STHS) for François Prévost -- Original Page W3C XHTML 1.0 Valid